 Dungeon Crawl Stone Soup version 0.30-a0-1112-gfb780f5df6 (webtiles) character file.

Game seed: 11629301284670645480

251571 themarg the Convoker (level 19, -1/140 HPs)
             Began as a Merfolk Summoner on Apr 19, 2023.
             Was a High Priest of Sif Muna.
             Shot with an arrow by a deep elf master archer (28 damage)
             ... on level 3 of the Elven Halls on Apr 20, 2023.
             The game lasted 02:58:17 (55014 turns).

themarg the Convoker (Merfolk Summoner)            Turns: 55014, Time: 02:58:18

Health: -1/140     AC: 16    Str: 10    XL:     19   Next: 66%
Magic:  2/35       EV: 16    Int: 27    God:    Sif Muna [*****.]
Gold:   1068       SH: 15    Dex: 16    Spells: 6/42 levels left

rFire   + + .      SeeInvis .    a - staff of earth "Ygiruleb" {rElec rC+ rCorr Dex+2}
rCold   . . .      Faith    .    x - +2 kite shield {rF+}
rNeg    . . .      Spirit   .    R - +0 troll leather armour
rPois   +          Reflect  .    g - +2 helmet
rElec   +          Rampage  .    J - +1 cloak {rPois}
rCorr   +                        W - +2 pair of gloves
Will    ++...                    t - +2 pair of boots {Fly}
Stlth   ++                       c - amulet of regeneration
HPRegen 2.03/turn                v - +6 ring of intelligence
MPRegen 0.24/turn                m - ring "Giesh" {Fire Will+}

@: flying
A: (nimble swimmer 2), mertail
}: 2/15 runes: serpentine, barnacled
a: Renounce Religion, Channel Magic, Forget Spell, Divine Exegesis


You were on level 3 of the Elven Halls.
You worshipped Sif Muna.
Sif Muna was extremely pleased with you.
You visited 7 branches of the dungeon, and saw 34 of its levels.
You also visited: Gauntlet.

You collected 3395 gold pieces.
You spent 2327 gold pieces at shops.

Inventory:

Hand Weapons
 b - a +6 demon trident of draining
Missiles
 p - 88 poisoned darts (quivered)
 s - 5 throwing nets
 E - 3 curare-tipped darts
 O - 2 boomerangs of dispersal
Armour
 g - a +2 helmet (worn)
 t - a +2 pair of boots of flying (worn)
 x - a +2 kite shield of fire resistance (worn)
 J - a +1 cloak of poison resistance (worn)
 R - a +0 troll leather armour (worn)
 W - a +2 pair of gloves (worn)
Magical Staves
 a - the staff of earth "Ygiruleb" (weapon) {rElec rC+ rCorr Dex+2}
   (You found it on level 4 of the Shoals)

   [staff of earth]

   Base accuracy: +5 Base damage: 5 Base attack delay: 1.2 This weapon's minimum
   attack delay (0.6) is reached at skill level 12.
   Dex:       It affects your dexterity (+2).
   rC:        It protects you from cold.
   rElec:     It insulates you from electricity.
   rCorr:     It protects you from acid and corrosion.
   It falls into the 'Staves' category.
   It is a one-handed weapon.
Jewellery
 c - an amulet of regeneration (around neck)
 m - the ring "Giesh" (right hand) {Fire Will+}
   (You took it off an orc warrior on level 10 of the Dungeon)

   [ring of fire]

   It enhances your fire magic.
   rF:        It protects you from fire.
   rC:        It makes you vulnerable to cold.
   Will:      It increases your willpower.
 v - a +6 ring of intelligence (left hand)
 L - a +6 ring of dexterity
 P - a ring of willpower
 X - an amulet of the acrobat
 Z - a ring of protection from fire
Wands
 e - a wand of digging (6)
 h - a wand of mindburst (6)
 j - a wand of paralysis (27)
 B - a wand of quicksilver (8)
 C - a wand of polymorph (11)
 D - a wand of iceblast (6)
Scrolls
 i - 15 scrolls of teleportation
 k - 14 scrolls of fear
 q - 5 scrolls of magic mapping
 u - 4 scrolls of fog
 y - 3 scrolls of summoning
 A - 10 scrolls of amnesia
 G - 10 scrolls of poison
 H - 9 scrolls of vulnerability
 T - 2 scrolls of silence
 V - 4 scrolls of immolation
Potions
 d - a potion of magic
 f - 12 potions of brilliance
 n - 4 potions of resistance
 o - 17 potions of curing
 r - 3 potions of heal wounds
 w - 8 potions of mutation
 F - 9 potions of lignification
 I - 9 potions of flight
 K - 5 potions of haste
 M - 3 potions of invisibility
 N - 3 potions of cancellation
 S - 3 potions of might
 Y - 5 potions of ambrosia
Miscellaneous
 l - a phantom mirror
 z - a tin of tremorstones (2/2)
 Q - a box of beasts
 U - a phial of floods


   Skills:
 - Level 10.0 Fighting
 - Level 8.0 Polearms
 - Level 1.0 Throwing
 - Level 5.0 Armour
 - Level 10.0 Dodging
 - Level 3.0 Stealth
 - Level 14.0 Shields
 - Level 12.0 Spellcasting
 - Level 7.0 Conjurations
 - Level 3.0 Hexes
 - Level 18.7 Summonings
 + Level 6.3 Translocations
 - Level 7.0 Ice Magic
 - Level 7.0 Air Magic
 - Level 5.0 Invocations
 - Level 10.8 Evocations


You had 6 spell levels left.
You knew the following spells:

 Your Spells              Type           Power      Damage    Failure   Level
a - Summon Forest         Summ/Tloc      35%        N/A       1%          5
b - Summon Mana Viper     Hex/Summ       66%        N/A       2%          5
d - Summon Lightning Spi  Summ/Air       72%        N/A       1%          4
e - Summon Ice Beast      Ice/Summ       72%        N/A       1%          4
f - Summon Cactus Giant   Summ           43%        N/A       1%          6
g - Monstrous Menagerie   Summ           43%        N/A       3%          7
h - Freezing Cloud        Conj/Ice/Air   26%        6-21      13%         5

Your spell library contained the following spells:

 Spells                   Type           Power      Damage    Failure   Level
 Summon Small Mammal      Summ           100%       N/A       0%          1
 Call Imp                 Summ           100%       N/A       0%          2
 Call Canine Familiar     Summ           87%        N/A       0%          3
 Foxfire                  Conj/Fire      100%       2x1d9     1%          1
 Kiss of Death            Conj/Necr      100%       2d13      1%          1
 Magic Dart               Conj           100%       1d8       1%          1
 Shock                    Conj/Air       100%       1d9       1%          1
 Ensorcelled Hibernation  Hex/Ice        86%        N/A       1%          2
 Momentum Strike          Conj/Tloc      100%       3d10      1%          2
 Static Discharge         Conj/Air       100%       2-7/arc   1%          2
 Hailstorm                Conj/Ice       52%        3d12      1%          3
 Summon Guardian Golem    Hex/Summ       66%        N/A       1%          3
 Swiftness                Air            52%        N/A       1%          3
 Animate Armour           Summ/Erth      100%       N/A       1%          4
 Poisonous Vapours        Pois/Air       70%        N/A       3%          2
 Cigotuvi's Dreadful Rot  Necr/Pois/Air  56%        N/A       4%          2
 Airstrike                Air            26%        2d(4-20)  4%          4
 Iskenderun's Mystic Bla  Conj/Tloc      51%        2d11      5%          4
 Passage of Golubria      Tloc           50%        N/A       6%          4
 Confusing Touch          Hex            32%        N/A       8%          3
 Tukima's Dance           Hex            32%        N/A       8%          3
 Beastly Appendage        Tmut           32%        N/A       9%          1
 Necrotise                Necr           64%        1d7       9%          1
 Passwall                 Tmut/Erth      20%        N/A       13%         2
 Scorch                   Fire           48%        2d7       13%         2
 Sublimation of Blood     Necr           16%        N/A       13%         2
 Wereblood                Tmut           16%        N/A       13%         2
 Iskenderun's Battlesphe  Conj           52%        2d10      13%         5
 Inner Flame              Hex/Fire       36%        N/A       14%         3
 Flame Wave               Conj/Fire      51%        2d13      21%         4
 Sticky Flame             Conj/Fire      51%        2d7       21%         4
 Ignite Poison            Fire/Tmut/Pois 24%        N/A       26%         3
 Spider Form              Tmut/Pois      16%        N/A       26%         3
 Vampiric Draining        Necr           16%        2d7       26%         3
 Metabolic Englaciation   Hex/Ice        21%        N/A       30%         5
 Fireball                 Conj/Fire      25%        3d11      50%         5
 Irradiate                Conj/Tmut      17%        3d17      50%         5
 Conjure Ball Lightning   Conj/Air       26%        3x3d7     58%         6
 Animate Dead             Necr           16%        N/A       63%         4
 Dispel Undead            Necr           16%        3d10      63%         4
 Olgreb's Toxic Radiance  Pois           16%        N/A       63%         4
 Petrify                  Tmut/Erth      24%        N/A       63%         4
 Yara's Violent Unravell  Hex/Tmut       12%        3d7       77%         5
 Agony                    Necr           16%        N/A       93%         5
 Borgnjor's Vile Clutch   Necr/Erth      12%        N/A       93%         5
 Death Channel            Necr           8%         N/A       100%        6
 Eringya's Noxious Bog    Tmut/Pois      8%         N/A       100%        6
 Statue Form              Tmut/Erth      16%        N/A       100%        6
 Summon Hydra             Summ           43%        N/A       3%          7
 Spellforged Servitor     Conj/Summ      36%        N/A       36%         7
 Malign Gateway           Summ/Tloc      35%        N/A       38%         7
 Dragon's Call            Summ           43%        N/A       98%         9
 Orb of Destruction       Conj           26%        9d9       99%         7
 Lehudib's Crystal Spear  Conj/Erth      25%        10d7      100%        8


Dungeon Overview and Level Annotations

Branches:
Dungeon (15/15)            Temple (1/1) D:6            Lair (5/5) D:11
 Shoals (4/4) Lair:2        Snake (4/4) Lair:2        Slime (0/5) Lair:4
    Orc (2/2) D:9             Elf (3/3) Orc:2        Vaults (0/5) D:13
 Depths (0/4) D:15        Gauntlet (visited)

Altars:
Ashenzari
Cheibriados
Dithmenos
Elyvilon
Fedhas
Gozag
Hepliaklqana
Kikubaaqudgha
Makhleb
Nemelex Xobeh
Okawaru
Qazlal
Ru
Sif Muna
Trog
Uskayaw
Vehumet
Wu Jian
Xom
Yredelemnul
Zin
The Shining One
Jiyva

Shops:
D:4 :   D:15 :   Orc:2 *![([   Elf:2 (*   Shoals:3 [   Snake:2 **   Snake:3 **
Snake:4 [?[

Annotations:
Snake:3 3 runed translucent doors, exclusion: obsidian statue, Sahys's ghost, adept MiFi
Elf:2 5 runed translucent doors


Innate Abilities, Weirdness & Mutations

((You are very nimble when in or above water. (Stealth+, EV+, Speed+++)))
Your lower body shifts to a powerful aquatic tail in water.


Message History

Your lindwurm misses the deep elf master archer.
Your lindwurm claws the deep elf master archer.
Your lindwurm claws the deep elf master archer but does no damage.
The deep elf master archer shoots an arrow.
The arrow hits your lindwurm!!
Your lindwurm dies!
Your lindwurm's corpse disappears in a puff of smoke!
The deep elf master archer shoots an arrow.
You block the arrow.
The deep elf master archer shoots an arrow.
You block the arrow.
The deep elf master archer shoots an arrow.
The arrow hits you!!
You hit the deep elf master archer but do no damage.
The deep elf master archer is moderately wounded.
The deep elf master archer shoots an arrow.
The arrow hits you!!
The deep elf master archer shoots an arrow.
The arrow hits you!
The deep elf master archer shoots an arrow.
You block the arrow.
You closely miss the deep elf master archer.
The deep elf master archer is moderately wounded.
The deep elf master archer shoots an arrow.
The arrow hits you!!
The deep elf master archer shoots an arrow.
The arrow hits you!!
* * * LOW HITPOINT WARNING * * *
The deep elf master archer shoots an arrow.
The arrow hits you!!
* * * LOW HITPOINT WARNING * * *
The deep elf master archer shoots an arrow.
You block the arrow.
You feel much better.
The deep elf master archer shoots an arrow.
The arrow hits you!
* * * LOW HITPOINT WARNING * * *
The deep elf master archer shoots an arrow.
The arrow hits you!!
You die...

*,.......,,,,*
**,,,***
*,,.....,,,***
**,**,*
*,,,....,***
***,,,
*,,,,..#**
**,,,,
*,,,,#'#
**,,,,,
*,,**#.#
**,,,,*, ****
#C# *,,,,***
#e# **,,,,*,
#@# **,,,,,
#.# **,,,, #.#
**,,, #.# **,*
#.# *** #.#
#.# #.#
####'####


You could see a deep elf master archer (ally target) and a friendly cactus giant
(summoned).

Vanquished Creatures
  A kraken (Shoals:2)
  The ghost of BlueFalcon the Severer, a journeyman DsGl of Gozag (Snake:2)
  A dire elephant (D:15)
  A merfolk impaler (Shoals:4)
  A salamander tyrant (Snake:4)
  A centaur warrior (Shoals:1)
  A boulder beetle (Lair:2)
  2 naga warriors
  A two-headed ogre (Orc:2)
  5 death yaks
  A skyshark (Shoals:1)
  A sea snake (Shoals:2)
  A naga ritualist (Snake:4)
  2 deep elf pyromancers
  2 mana vipers
  A deep elf zephyrmancer (Elf:1)
  2 cyclopes
  3 fauns (Shoals:1)
  2 manticores
  2 merfolk sirens (Shoals:1)
  3 salamanders
  14 black mambas
  6 slime creatures
  A guardian serpent (Snake:4)
  4 naga magi
  An elephant (Lair:2)
  4 cane toads
  An unseen horror (D:12)
  2 komodo dragons
  2 harpy zombies (Shoals:1)
  4 merfolk
  2 polar bears
  A troll (D:9)
  2 nameless horrors
  A wind drake (Shoals:1)
  A hornet (D:8)
  2 blink frogs (Lair:2)
  A snapping turtle (Lair:2)
  14 yaks
  4 air elementals
  A wyvern (D:10)
  A human (shapeshifter) (D:14)
  2 water elementals (Shoals:4)
  2 basilisks
  A steam dragon (D:7)
  A vampire mosquito (D:11)
  6 nagas
  An acid dragon (D:13)
  4 water moccasins
  3 orc warriors
  A sky beast (D:8)
  5 black bears
  A wolf (Lair:2)
  2 centaurs
  5 ogres
  2 bullfrogs
  A naga simulacrum (Snake:2)
  A scorpion (D:5)
  A wight (D:8)
  2 howler monkeys
  An electric eel (Lair:4)
  4 orc priests
  A gnoll bouda (D:8)
  Natasha (thrice) (D:2)
  3 orc wizards
  3 gnolls (D:8)
  4 adders
  A shadow imp (Gauntlet)
  A dart slug (D:1)
  7 orcs
  A ball python (D:4)
  An endoplasm (D:2)
  2 giant cockroaches
  4 hobgoblins
  A jackal (D:2)
  6 kobolds
  4 quokkas
  A frilled lizard (D:3)
  A goblin (D:2)
  3 rats (D:3)
197 creatures vanquished.

Vanquished Creatures (collateral kills)
  Vashnia (Snake:4)
  A kraken (Shoals:1)
  Kirke (Lair:3)
  A storm dragon (Shoals:4)
  6 nagarajas
  A deep elf sorcerer (Elf:3)
  A deep elf elementalist (Elf:3)
  Nessos (Lair:3)
  A minotaur (Gauntlet)
  A deep elf annihilator (Elf:3)
  The ghost of snarfax the Severer, a journeyman HOFi (Lair:2)
  Josephine (Lair:4)
  6 merfolk impalers
  A deep elf death mage (Elf:2)
  An ettin (Orc:1)
  6 merfolk javelineers
  8 hydras
  7 catoblepae
  4 ogre magi (Orc:2)
  4 centaur warriors
  4 merfolk avatars
  5 salamander tyrants
  An alligator snapping turtle (Shoals:4)
  5 anacondas
  7 merfolk aquamancers
  12 death yaks
  A boulder beetle (Lair:4)
  17 two-headed ogres
  10 dancing weapons
  The ghost of soul19 the Covert, a novice DsFi of Dithmenos (D:9)
  11 naga warriors
  Urug (D:12)
  An orc high priest (Orc:2)
  3 shock serpents (Snake:4)
  8 naga sharpshooters
  7 deep elf knights
  5 skysharks
  A soul eater (Gauntlet)
  12 sea snakes
  4 salamander mystics
  4 naga ritualists
  6 deep elf archers
  2 orc knights
  5 mana vipers
  22 deep elf pyromancers
  2 ugly things
  13 harpies
  A shining eye (shapeshifter) (D:13)
  2 orc sorcerers
  13 manticores
  2 fauns (Shoals:1)
  4 cyclopes
  21 salamanders
  14 deep elf zephyrmancers
  A wolf spider (D:15)
  A rust devil (Gauntlet)
  A black mamba (shapeshifter) (D:13)
  7 guardian serpents
  5 merfolk sirens
  5 elephants (Lair:2)
  16 naga magi
  28 black mambas
  9 water nymphs
  A gargoyle (D:12)
  A cane toad (Lair:1)
  11 komodo dragons
  3 rime drakes (Lair:5)
  A spectral mana viper (Snake:2)
  An efreet (D:14)
  4 kobold demonologists
  2 yaktaurs (shapeshifter)
  A freezing wraith (D:14)
  An anaconda simulacrum (Snake:2)
  5 harpy zombies (Shoals:1)
  21 merfolk
  6 meliai
  6 trolls
  A hornet (shapeshifter) (D:13)
  3 polar bears (Lair:2)
  2 blink frogs (Lair:2)
  9 wind drakes
  4 snapping turtles
  3 dream sheep (Shoals:4)
  5 slime creatures
  2 vampires
  4 air elementals (Shoals:4)
  A centaur simulacrum (D:14)
  A ynoxinul (Gauntlet)
  3 shadows
  2 wyverns (D:10)
  11 wraiths
  A salamander simulacrum (Snake:2)
  43 yaks
  9 nameless horrors
  22 water elementals
  3 fire elementals
  2 basilisks
  5 hogs (Lair:3)
  A hog (shapeshifter) (Elf:1)
  11 vampire mosquitoes
  2 spectral nagas (Snake:2)
  32 nagas
  A steam dragon (D:8)
  Edmund (D:5)
  An acid dragon (D:10)
  2 wargs
  12 water moccasins
  9 orc warriors
  An ice beast (D:5)
  5 black bears
  A manticore zombie (Shoals:1)
  2 black mamba simulacra (Snake:2)
  25 ogres
  11 wolves
  9 centaurs
  8 kobold brigands
  11 bullfrogs
  An earth elemental (Elf:3)
  4 scorpions
  A gnoll sergeant (D:7)
  16 wights
  4 howler monkeys
  A jelly (D:4)
  7 orc priests
  3 hounds (D:6)
  3 iron imps (Gauntlet)
  A sleepcap (D:3)
  9 orc wizards
  An ogre zombie (D:5)
  Robin (D:2)
  10 adders
  8 gnolls
  2 naga simulacra (Snake:2)
  A gnoll zombie (D:5)
  2 shadow imps (Gauntlet)
  A white imp (D:7)
  2 worms
  2 dart slugs
  44 orcs
  4 ball pythons
  4 bats
  3 endoplasms
  5 giant cockroaches
  8 hobgoblins
  5 jackals
  17 kobolds
  A frilled lizard (D:1)
  14 goblins
  4 rats
  6 tentacles
894 creatures vanquished.

Vanquished Creatures (others)
  A deep elf zephyrmancer (Elf:1)
  A deep elf pyromancer (Elf:1)
  A steam dragon (D:8)
  A frilled lizard (D:2)
  91 fungi
  216 plants
  12 snaplasher vines
  11 tentacles
334 creatures vanquished.

Grand Total: 1425 creatures vanquished

Notes
Turn   | Place    | Note
-------+----------+-------------------------------------------
     0 | D:1      | themarg the Merfolk Summoner began the quest for the Orb.
     0 | D:1      | Reached XP level 1. HP: 13/13 MP: 3/3
   151 | D:1      | Reached XP level 2. HP: 19/19 MP: 1/5
   154 | D:1      | Learned a level 2 spell: Call Imp
   815 | D:1      | Reached XP level 3. HP: 21/24 MP: 2/6
  1441 | D:2      | Noticed Natasha
  1600 | D:2      | Reached skill level 5 in Summonings
  1689 | D:2      | Noticed Robin
  1887 | D:2      | Reached XP level 4. HP: 30/30 MP: 2/7
  1946 | D:1      | Learned a level 3 spell: Call Canine Familiar
  1952 | D:2      | Killed Robin
  2355 | D:2      | Found a faded altar of an unknown god.
  2726 | D:2      | Found Icayguri's Magic Scroll Emporium.
  2730 | D:2      | Bought a scroll of identify for 24 gold pieces
  2730 | D:2      | Bought a scroll of fear for 48 gold pieces
  2730 | D:2      | Bought a scroll of identify for 24 gold pieces
  2880 | D:2      | Killed Natasha
  2881 | D:2      | Reached skill level 6 in Summonings
  2881 | D:2      | Reached XP level 5. HP: 18/35 MP: 1/8
  3156 | D:2      | Found Icayguri's Magic Scroll Emporium.
  3305 | D:2      | Noticed Natasha
  3318 | D:2      | Killed Natasha
  3662 | D:2      | Noticed Natasha
  3669 | D:2      | Killed Natasha
  3723 | D:2      | Found a faded altar of an unknown god.
  3972 | D:3      | Found a sacrificial altar of Ru.
  4004 | D:3      | Found a stormy altar of Qazlal.
  4073 | D:3      | Reached XP level 6. HP: 41/41 MP: 5/9
  4776 | D:3      | Reached skill level 7 in Summonings
  4943 | D:2      | Bought a scroll of identify for 24 gold pieces
  4943 | D:2      | Bought a scroll of identify for 24 gold pieces
  4943 | D:2      | Bought a scroll of fog for 48 gold pieces
  5394 | D:4      | Noticed a black bear
  5404 | D:4      | Killed a black bear
  5405 | D:4      | Reached skill level 1 in Air Magic
  5473 | D:4      | Reached XP level 7. HP: 23/46 MP: 5/10
  5540 | D:4      | Found Ranaem's Book Shop.
  5935 | D:4      | Reached skill level 8 in Summonings
  6246 | D:5      | Entered Level 5 of the Dungeon
  6459 | D:5      | Noticed Edmund
  6496 | D:5      | Killed Edmund
  6497 | D:5      | Reached XP level 8. HP: 47/52 MP: 2/11
  6576 | D:5      | Learned a level 4 spell: Summon Lightning Spire
  6766 | D:5      | Found a transporter.
  6824 | D:5      | Identified the +0 whip of Law {freeze, rPois Will+ Int+3}
  6855 | D:5      | Reached skill level 9 in Summonings
  6901 | D:5      | Found a transporter.
  7300 | D:2      | Bought a scroll of magic mapping for 90 gold pieces
  7601 | D:6      | Found a staircase to the Ecumenical Temple.
  7605 | Temple   | Entered the Ecumenical Temple
  7650 | Temple   | Became a worshipper of Sif Muna the Loreminder
  7950 | D:6      | Found a bloodstained altar of Trog.
  7961 | D:6      | Reached skill level 10 in Summonings
  8045 | D:6      | Reached skill level 1 in Fighting
  8045 | D:6      | Reached skill level 1 in Invocations
  8390 | D:7      | Reached XP level 9. HP: 61/61 MP: 6/12
  8450 | D:7      | Identified the +13 chain mail of Mennamo {*Slow rElec
                  | Stlth+}
  9274 | D:8      | Reached skill level 5 in Dodging
  9440 | D:8      | Reached * piety under Sif Muna
  9549 | D:8      | Reached skill level 5 in Fighting
  9549 | D:8      | Reached skill level 5 in Invocations
  9549 | D:8      | Reached skill level 1 in Evocations
  9554 | D:8      | Reached skill level 1 in Throwing
  9578 | D:8      | Reached XP level 10. HP: 66/74 MP: 2/17
  9590 | D:8      | Reached skill level 5 in Spellcasting
  9590 | D:8      | Reached skill level 1 in Polearms
 10179 | D:8      | Reached skill level 5 in Polearms
 10325 | D:8      | Reached ** piety under Sif Muna
 10349 | D:8      | Reached skill level 11 in Summonings
 10455 | D:9      | Noticed a two-headed ogre
 10691 | D:9      | Killed a two-headed ogre
 10692 | D:9      | Reached XP level 11. HP: 79/79 MP: 11/18
 10751 | D:9      | Reached skill level 12 in Summonings
 10845 | D:9      | Found a staircase to the Orcish Mines.
 11141 | D:9      | Reached skill level 1 in Ice Magic
 11593 | D:9      | Found a runed translucent gate.
 11593 | D:9      | Found a runed translucent gate.
 11594 | D:9      | Found a runed translucent gate.
 11595 | D:9      | Noticed soul19's ghost (novice DsFi)
 11701 | D:9      | Learned a level 4 spell: Summon Ice Beast
 11708 | D:9      | Learned a level 6 spell: Summon Cactus Giant
 11746 | D:10     | Entered Level 10 of the Dungeon
 11961 | D:10     | Reached skill level 1 in Hexes
 11967 | D:10     | Reached *** piety under Sif Muna
 11991 | D:10     | Noticed a two-headed ogre
 11996 | D:10     | Identified the ring "Giesh" {Fire Will+}
 12495 | D:10     | Killed a two-headed ogre
 13649 | D:11     | Found a staircase to the Lair.
 13659 | D:11     | Reached **** piety under Sif Muna
 13660 | D:11     | Reached XP level 12. HP: 92/92 MP: 2/19
 13851 | D:11     | Found a radiant altar of Vehumet.
 14623 | Lair:1   | Entered Level 1 of the Lair of Beasts
 14665 | Lair:1   | Found a gate leading to a gauntlet.
 14682 | Gauntlet | Entered a Gauntlet
 14682 | Gauntlet | Found a transporter.
 14688 | Gauntlet | Noticed a soul eater
 14692 | Gauntlet | Found a transporter.
 14707 | Gauntlet | Found a transporter.
 14712 | Gauntlet | Found a transporter.
 14727 | Gauntlet | Found a transporter.
 14746 | Gauntlet | Found a transporter.
 14755 | Gauntlet | Found a transporter.
 14770 | Gauntlet | Found a transporter.
 14782 | Gauntlet | Found a transporter.
 14794 | Gauntlet | Found a transporter.
 14796 | Gauntlet | Noticed an entropy weaver
 14811 | Gauntlet | Found a transporter.
 14829 | Gauntlet | Found a transporter.
 14831 | Gauntlet | Found a transporter.
 14856 | Gauntlet | Found a transporter.
 14860 | Gauntlet | Found a transporter.
 14882 | Gauntlet | Found a transporter.
 14901 | Gauntlet | Found a transporter.
 14905 | Gauntlet | Killed a soul eater
 14906 | Gauntlet | Reached skill level 1 in Shields
 14908 | Gauntlet | Identified the +8 dagger "Cepat" {freeze, rF+ SInv}
 15168 | Gauntlet | Found a transporter.
 15224 | Gauntlet | Identified the +1 pair of gloves "Usiety" {-Cast +Inv rPois
                  | rC- Str+4}
 15884 | Gauntlet | Noticed a minotaur
 15898 | Gauntlet | Killed a minotaur
 15933 | Lair:1   | Noticed a death yak
 15935 | Lair:1   | Noticed a death yak
 15936 | Lair:1   | Noticed a death yak
 15938 | Lair:1   | Noticed a death yak
 15940 | Lair:1   | Noticed a death yak
 15945 | Lair:1   | Killed a death yak
 16052 | Lair:1   | Noticed a catoblepas
 16085 | Lair:1   | Killed a catoblepas
 16086 | Lair:1   | Reached skill level 13 in Summonings
 16092 | Lair:1   | Killed a death yak
 16122 | Lair:1   | Killed a death yak
 16135 | Lair:1   | Killed a death yak
 16136 | Lair:1   | Reached skill level 5 in Shields
 16145 | Lair:1   | Killed a death yak
 16514 | Lair:1   | Reached skill level 10 in Dodging
 17129 | Lair:1   | Learned a level 5 spell: Summon Mana Viper
 17159 | Lair:2   | Reached XP level 13. HP: 102/102 MP: 10/22
 17209 | Lair:2   | Reached skill level 10 in Fighting
 17383 | Lair:2   | Identified the +1 scale mail of Plog {Str+5}
 17420 | Lair:2   | Found a staircase to the Snake Pit.
 17428 | Lair:2   | Found a shimmering altar of Xom.
 17645 | Lair:2   | Reached skill level 14 in Summonings
 17903 | Lair:2   | Found a runed translucent gate.
 17903 | Lair:2   | Found a runed translucent gate.
 17903 | Lair:2   | Found a runed translucent gate.
 17903 | Lair:2   | Noticed snarfax's ghost (journeyman HOFi)
 18095 | Lair:2   | Found a staircase to the Shoals.
 18636 | Lair:3   | Reached skill level 1 in Conjurations
 18764 | Lair:3   | Reached ***** piety under Sif Muna
 18764 | Lair:3   | Received a gift from Sif Muna
 18896 | Lair:3   | Noticed Nessos
 18913 | Lair:3   | Killed Nessos
 19426 | Lair:3   | Noticed Kirke
 19434 | Lair:3   | Killed Kirke
 20689 | Lair:4   | Reached skill level 15 in Summonings
 20711 | Lair:4   | Noticed Josephine
 20807 | Lair:4   | Reached XP level 14. HP: 98/110 MP: 13/24
 20901 | Lair:4   | Found a glowing golden altar of the Shining One.
 21191 | Lair:4   | Killed Josephine
 21369 | Lair:4   | Found a viscous altar of Jiyva.
 21371 | Lair:4   | Found a staircase to the Slime Pits.
 22026 | Lair:5   | Entered Level 5 of the Lair of Beasts
 22084 | Lair:5   | Reached skill level 5 in Air Magic
 22177 | Lair:5   | Reached skill level 5 in Conjurations
 22311 | Lair:5   | Reached skill level 5 in Ice Magic
 22780 | Lair:5   | Received a gift from Sif Muna
 22781 | Lair:5   | Got Irutt's Papyrus of Power {god gift}
 24124 | Lair:5   | Identified the +0 ring mail "Toset" {Harm Fly rF- rCorr}
 24357 | Lair:2   | Killed snarfax's ghost
 24476 | Lair:2   | Identified the +4 mace "Giur" {freeze, rF+ rN+ Str-4 Int+3}
 24637 | D:9      | Killed soul19's ghost
 24802 | Orc:1    | Entered Level 1 of the Orcish Mines
 24940 | Orc:2    | Entered Level 2 of the Orcish Mines
 24951 | Orc:2    | Reached XP level 15. HP: 115/115 MP: 6/28
 25284 | Orc:2    | Found Uwkus's General Store.
 25425 | Orc:2    | Found a staircase to the Elven Halls.
 25722 | Orc:2    | Reached skill level 10 in Spellcasting
 25766 | Orc:1    | Learned a level 7 spell: Monstrous Menagerie
 25881 | Orc:2    | Reached skill level 16 in Summonings
 26425 | Orc:2    | Found Gonlode's Armour Shoppe.
 26425 | Orc:2    | Found Waneass's Antique Armour Shop.
 26426 | Orc:2    | Found Iciukh's Weapon Shop.
 26426 | Orc:2    | Found Kaigg's Distillery.
 26435 | Orc:2    | Bought a potion of haste for 170 gold pieces
 26435 | Orc:2    | Bought a potion of might for 68 gold pieces
 26435 | Orc:2    | Bought 2 potions of haste for 340 gold pieces
 26838 | Orc:1    | Received a gift from Sif Muna
 26944 | Orc:1    | Reached skill level 17 in Summonings
 27317 | Orc:2    | Bought 2 potions of heal wounds for 130 gold pieces
 27317 | Orc:2    | Bought a scroll of fear for 52 gold pieces
 27317 | Orc:2    | Bought a potion of heal wounds for 65 gold pieces
 27351 | Orc:2    | Bought a potion of attraction for 51 gold pieces
 27351 | Orc:2    | Bought a potion of brilliance for 68 gold pieces
 27640 | D:12     | Noticed Urug
 27650 | D:12     | Killed Urug
 27755 | D:12     | You are sucked into a shaft and drop 2 floors!
 30426 | D:13     | Found a gate to the Vaults.
 31023 | D:14     | Reached XP level 16. HP: 122/122 MP: 12/30
 31787 | D:14     | Received a gift from Sif Muna
 31788 | D:14     | Got Sif Muna's Guide on Sidekicks {god gift}
 32022 | D:15     | Entered Level 15 of the Dungeon
 32326 | D:15     | Found a staircase to the Depths.
 32508 | D:15     | Found Nacw's Vocational Training.
 33087 | D:15     | Learned a level 5 spell: Freezing Cloud
 33264 | Shoals:1 | Entered Level 1 of the Shoals
 34806 | Shoals:1 | Reached skill level 5 in Evocations
 34813 | Shoals:1 | Reached skill level 18 in Summonings
 34951 | Shoals:1 | Noticed a kraken
 34961 | Shoals:1 | Killed a kraken
 34962 | Shoals:1 | Reached skill level 1 in Armour
 36326 | Shoals:2 | Found a shimmering altar of Xom.
 36609 | Shoals:2 | Noticed a kraken
 36628 | Shoals:2 | Killed a kraken
 37126 | Shoals:2 | Found a shimmering altar of Xom.
 37670 | Shoals:3 | Found Kagaede's Antique Armour Shoppe.
 37904 | Shoals:3 | Reached XP level 17. HP: 128/128 MP: 12/31
 38020 | Shoals:3 | Reached skill level 5 in Armour
 38653 | Shoals:3 | Found Rammanu's Dragon-Slaying Spoils.
 39025 | Lair:2   | Learned a level 5 spell: Summon Forest
 39026 | Snake:1  | Entered Level 1 of the Snake Pit
 39103 | Snake:1  | Reached skill level 1 in Translocations
 39104 | Snake:1  | Received a gift from Sif Muna
 39105 | Snake:1  | Got Puiprast's Textbook on Singed Effluvium {god gift}
 40811 | Snake:2  | Found Xuc Gih's Overcharged Wands.
 40824 | Snake:2  | Found Vaudul's Assorted Antiques.
 41040 | Snake:2  | Found a runed translucent gate.
 41042 | Snake:2  | Found a runed translucent gate.
 41043 | Snake:2  | Found a runed translucent gate.
 41044 | Snake:2  | Noticed BlueFalcon's ghost (journeyman DsGl)
 42341 | Snake:3  | Received a gift from Sif Muna
 42343 | Snake:3  | Got Sif Muna's Notes on Venomous Transfiguration {god gift}
 42585 | Snake:3  | Found a runed translucent gate.
 42585 | Snake:3  | Found a runed translucent gate.
 42585 | Snake:3  | Found a runed translucent gate.
 42586 | Snake:3  | Found an opulent altar of Gozag.
 42587 | Snake:3  | Found Asigroqi's Assorted Antiques.
 42587 | Snake:3  | Noticed Sahys's ghost (adept MiFi)
 42589 | Snake:3  | Found Maym's Assorted Antiques.
 44477 | Shoals:4 | Entered Level 4 of the Shoals
 44576 | Shoals:4 | Reached XP level 18. HP: 131/134 MP: 15/34
 44770 | Shoals:4 | Reached skill level 10 in Shields
 44958 | Shoals:4 | Received a gift from Sif Muna
 45123 | Shoals:4 | Paralysed by an air elemental for 1 turns
 45611 | Shoals:4 | Paralysed by an air elemental for 1 turns
 45909 | Shoals:4 | Paralysed by an air elemental for 1 turns
 45914 | Shoals:4 | Paralysed by an air elemental for 1 turns
 45918 | Shoals:4 | Paralysed by an air elemental for 1 turns
 46830 | Shoals:4 | Paralysed by an air elemental for 1 turns
 46888 | Shoals:4 | Identified the staff of earth "Ygiruleb" {rElec rC+ rCorr
                  | Dex+2}
 46890 | Shoals:4 | Got a barnacled rune of Zot
 47688 | D:2      | Bought a scroll of torment for 114 gold pieces
 47814 | D:4      | Bought a book of Air for 308 gold pieces
 48009 | Snake:4  | Entered Level 4 of the Snake Pit
 48016 | Snake:4  | Found Zimex's Antique Armour Boutique.
 48753 | Snake:4  | Received a gift from Sif Muna
 48759 | Snake:4  | Got Hoxzar's Atlas of the Fifth Circle {god gift}
 49098 | Snake:4  | Found Ihock's Armour Boutique.
 49297 | Snake:4  | Identified the +4 flail of Dyisorph {freeze, rC+ Int+4}
 49534 | Snake:4  | Found Ewnyc's Magic Scroll Shoppe.
 49537 | Snake:4  | Bought a scroll of fog for 52 gold pieces
 49537 | Snake:4  | Bought a scroll of summoning for 123 gold pieces
 49537 | Snake:4  | Bought 2 scrolls of teleportation for 78 gold pieces
 49537 | Snake:4  | Bought a scroll of enchant armour for 97 gold pieces
 49537 | Snake:4  | Bought a scroll of poison for 52 gold pieces
 49537 | Snake:4  | Bought a scroll of magic mapping for 97 gold pieces
 49703 | Snake:4  | Noticed Vashnia
 49730 | Snake:4  | Killed Vashnia
 50126 | Snake:4  | Reached XP level 19. HP: 130/140 MP: 14/35
 50400 | Snake:4  | Got a serpentine rune of Zot
 50697 | Snake:2  | Killed BlueFalcon's ghost
 51188 | Elf:1    | Entered Level 1 of the Elven Halls
 51898 | Elf:1    | Received a gift from Sif Muna
 51899 | Elf:1    | Got Sif Muna's Directory of Generation {god gift}
 52581 | Elf:1    | Paralysed by an air elemental for 1 turns
 52911 | Elf:2    | Found Ruehog's Assorted Antiques.
 52923 | Elf:2    | Reached skill level 10 in Evocations
 52986 | Elf:2    | Bought a scroll of enchant armour for 180 gold pieces
 53203 | Elf:2    | Found Uzxe's Antique Weapon Boutique.
 53215 | Elf:2    | Reached skill level 5 in Translocations
 53471 | Elf:2    | Found a huge runed translucent gate.
 53471 | Elf:2    | Found a huge runed translucent gate.
 53471 | Elf:2    | Found a huge runed translucent gate.
 53471 | Elf:2    | Found a huge runed translucent gate.
 53473 | Elf:2    | Found a huge runed translucent gate.
 54051 | Elf:3    | Entered Level 3 of the Elven Halls
 55014 | Elf:3    | Shot with an arrow by a deep elf master archer

Illustrated notes

Levels and vault maps discovered:
D:1:      amcnicky_arrival_double_pillar, layout_basic
D:2:      layout_loops_corners, shapermc_ecumenical_altar_hornbeckon,
          serial_shops, shop, minmay_misc_feat_iff, kennysheep_generic_room_7,
          uniq_natasha, uniq_robin
D:3:      layout_loops_cross, mainiacjoe_overflow_catwalk_spiral,
          supply_closet_lemuel
D:4:      layout_layer_cave, serial_shops, shop_fountains
D:5:      gammafunk_cloud_chamber, layout_basic, uniq_edmund
D:6:      layout_loops_cross, trog_ov_bears_minmay,
          minmay_temple_entry_proselytizer
D:7:      layout_basic, serial_glass, glass_columns_c, glass_columns_a
D:8:      kennysheep_steamy, layout_basic, minmay_between
D:9:      layout_roguey, erik_orc_4, gammafunk_ghost_spectres
D:10:     layout_basic, minmay_alternating_orb
D:11:     layout_gridville, due_lair_maze_entry_diamond,
          hellmonk_bongcloud_opening, fiery_altar_vehumet
D:12:     layout_loops_cross, uniq_urug
D:13:     layout_gridville, david_vaults_2, grunt_ministairs_8
D:14:     layout_roguey, palyth_stone_intersect
D:15:     hangedman_depths_entry_try_elsewhere_first, layout_loops_ring,
          chequers_serial_rivers_small_b, nicolae_shop_vocational
Temple:   hellmonk_temple_of_storms
Lair:1:   layout_regular_city, gauntlet_entry_generic,
          infiniplex_staircase_pool, grunt_megastairs_3
Lair:2:   beast_lair_carwin_large_1, layout_loops_ring, minmay_shoals_entry_hut,
          guppyfry_snake_entry_island, gammafunk_ghost_split, basic_altar,
          minivault_26
Lair:3:   layout_cave_pods, lemuel_fruit_tree, uniq_nessos, uniq_kirke
Lair:4:   layout_concentric_octagons, dpeg_slime_entry_corner, basic_altar,
          grunt_megastairs_2, serial_bayou_shore_a, uniq_josephine
Lair:5:   evilmike_catoblepas_cave, layout_gridlike
Shoals:1: layout_shoals, nicolae_shoals_undead_eyrie
Shoals:2: cheibrodos_shoals_baths, layout_shoals, lemuel_altar_in_water
Shoals:3: layout_shoals, nicolae_stop_n_shop_1, nicolae_shop_dragon_depot
Shoals:4: shoals_end_hellmonk_storm_palace [storm_palace_center_circular,
          storm_palace_corner_narrow, storm_palace_corner_pillars,
          storm_palace_corner_grid, storm_palace_corner_narrow]
Snake:1:  layout_rooms
Snake:2:  layout_basic, gammafunk_ghost_necromancy, special_room, serial_shops,
          nicolae_shop_advertising_works [nicolae_subvault_shop_adworks],
          nicolae_shop_overcharged_wands
Snake:3:  layout_chambers, ebering_ghost_gozag, nicolae_snake_gridmaze_waves
Snake:4:  grunt_snake_rune_serpentine_throne, layout_layer_cave, serial_shops,
          nicolae_square_shop, nicolae_shop_rolled_up, shop
Orc:1:    layout_diamond_mine, nicolae_orc_flooded_monolith
Orc:2:    st_orc_ogre_mass, layout_diamond_mine, serial_shops,
          nicolae_shop_tiny_waterfront
Elf:1:    layout_loops_corners, minmay_elf_crystal_hexagon
Elf:2:    elven_hall_of_blades_hangedman_alternative
          [nooodl_blade_entry_preview], layout_rooms, serial_shops, shop,
          minmay_shop_star, lemuel_upstairs_altar
Elf:3:    grunt_elf_hall_diamonds, layout_geoelf_diagonals

Skill      XL: |  1  2  3  4  5  6  7  8  9 10 11 12 13 14 15 16 17 18 19 |
---------------+----------------------------------------------------------+-----
Stealth        | 3 |  3.0
Summonings     | 5 6 7 8 10 11 12 13 15 17 18 | 18.7
Air Magic      | 1 3 4 6 7 |  7.0
Dodging        | 3 5 8 10 | 10.0
Fighting       | 2 5 8 9 10 | 10.0
Invocations    | 2 5 |  5.0
Evocations     | 1 5 8 10 | 10.8
Throwing       | 1 |  1.0
Spellcasting   | 4 5 6 7 9 10 12 | 12.0
Polearms       | 8 |  8.0
Ice Magic      | 3 6 7 |  7.0
Hexes          | 3 |  3.0
Shields        | 5 9 13 14 | 14.0
Conjurations   | 4 6 7 |  7.0
Armour         | 4 5 |  5.0
Translocations | 3 6 |  6.3

Action                     |  1- 3 |  4- 6 |  7- 9 | 10-12 | 13-15 | 16-18 | 19-21 || total
---------------------------+-------+-------+-------+-------+-------+-------+-------++-------
  Melee: Short sword       |    13 |       |       |       |       |       |       ||    13
         Dagger            |    26 |    42 |       |       |       |       |       ||    68
         Spear             |       |    32 |    87 |   344 |   496 |   600 |       ||  1559
         Punch             |       |       |     1 |     4 |     1 |       |       ||     6
         Tailslap          |       |       |       |     1 |       |       |       ||     1
         Unarmed           |       |       |       |       |       |    10 |       ||    10
         Demon trident     |       |       |       |       |       |    79 |    33 ||   112
         Staff             |       |       |       |       |       |       |    39 ||    39
  Throw: Dart              |       |       |     1 |     3 |     2 |     1 |       ||     7
   Cast: Summon Small Mamm |    53 |    20 |     1 |       |       |       |       ||    74
         Call Imp          |     9 |    19 |    15 |     1 |       |       |       ||    44
         Call Canine Famil |       |    19 |    22 |    29 |    31 |     1 |       ||   102
         Summon Lightning  |       |       |    12 |    59 |    75 |    18 |     2 ||   166
         Summon Ice Beast  |       |       |       |    26 |    68 |    15 |     1 ||   110
         Summon Cactus Gia |       |       |       |    16 |    63 |    43 |    12 ||   134
         Summon Mana Viper |       |       |       |       |    29 |     2 |     3 ||    34
         Monstrous Menager |       |       |       |       |    61 |   308 |    76 ||   445
         Freezing Cloud    |       |       |       |       |       |    16 |     1 ||    17
         Summon Forest     |       |       |       |       |       |    16 |     9 ||    25
 Invoke: Channel Magic     |       |       |       |     3 |     3 |     5 |       ||    11
  Evoke: Wand              |       |       |       |       |     4 |     4 |       ||     8
         Box of beasts     |       |       |       |       |       |     1 |       ||     1
         Phial of floods   |       |       |       |       |       |     1 |       ||     1
    Use: Scroll            |       |     7 |     1 |    13 |     8 |    16 |     3 ||    48
         Potion            |       |       |       |       |       |     5 |     1 ||     6
   Stab: Distracted        |       |     2 |     4 |    13 |    21 |    35 |     4 ||    79
         Sleeping          |       |       |       |     1 |     1 |     2 |       ||     4
         Paralysed         |       |       |       |       |     2 |    18 |       ||    20
 Armour: Robe              |     5 |     8 |     5 |       |       |       |       ||    18
         Steam dragon scal |       |       |     3 |    36 |     2 |       |       ||    41
         Troll leather arm |       |       |       |       |    66 |   123 |    25 ||   214
  Dodge: Dodged            |    31 |    34 |    40 |   138 |   196 |   389 |    41 ||   869
  Block: Buckler           |       |       |       |       |    84 |   151 |     5 ||   240
         Kite shield       |       |       |       |       |       |       |    33 ||    33

Table legend: (Time is in decaauts)
 A = Elapsed time spent in this place.
 B = Non-inter-level travel time spent in this place.
 C = Inter-level travel time spent in this place.
 D = Time resting spent in this place.
 E = Time spent auto-exploring this place.
 F = Levels seen in this place.
 G = Mean time per level.
                   A        B        C        D        E       F      G
               +--------+--------+--------+--------+--------+-----+--------+
         Total |  54040 |  50722 |   3318 |   7009 |  34763 |  35 | 1544.0 |
       Dungeon |  21097 |  19177 |   1920 |   1134 |  14937 |  15 | 1406.5 |
        Temple |     52 |     52 |      0 |      0 |      0 |   1 |   52.0 |
          Lair |   8906 |   8361 |    545 |    586 |   6490 |   5 | 1781.2 |
        Shoals |   8054 |   7765 |    289 |   2633 |   3372 |   4 | 2013.5 |
     Snake Pit |   8287 |   7964 |    323 |    774 |   5993 |   4 | 2071.8 |
  Orcish Mines |   2653 |   2487 |    166 |    478 |   1602 |   2 | 1326.5 |
   Elven Halls |   3773 |   3699 |     74 |    741 |   2183 |   3 | 1257.7 |
      Gauntlet |   1216 |   1216 |      0 |    663 |    184 |   1 | 1216.0 |
               +--------+--------+--------+--------+--------+-----+--------+

Top non-repeatable levels by time:
     D:2: 3043 daAuts
Shoals:4: 2645 daAuts
 Snake:3: 2630 daAuts
 Snake:4: 2555 daAuts
  Lair:5: 2213 daAuts
  Lair:3: 1979 daAuts
    D:13: 1942 daAuts
Shoals:1: 1929 daAuts
 Snake:2: 1923 daAuts
Shoals:2: 1834 daAuts
  Lair:2: 1734 daAuts
   Elf:1: 1655 daAuts
Shoals:3: 1645 daAuts
  Lair:4: 1621 daAuts
    D:10: 1539 daAuts
